 Dungeon Crawl Stone Soup version 0.22.1 (webtiles) character file.

55 Korosensei the Sneak (level 3, -6/27 HPs)
             Began as an Octopode Assassin on Sept 18, 2018.
             Killed by divine providence
             ... invoked by an orc priest
              (12 damage)
             ... on level 3 of the Dungeon.
             The game lasted 00:01:23 (1635 turns).

Korosensei the Sneak (Octopode Assassin)            Turns: 1635, Time: 00:01:24

Health: -6/27      AC:  1    Str: 10    XL:     3   Next: 93%
Magic:  3/3        EV: 13    Int: 13    God:
Gold:   126        SH:  0    Dex: 14    Spells: 2/2 levels left

rFire    . . .     SeeInvis .   a - +2 dagger
rCold    . . .     Gourm    .   (no shield)
rNeg     . . .     Faith    .   (helmet restricted)
rPois    .         Spirit   .   s - amulet of regeneration
rElec    .         Reflect  .   (no ring)
rCorr    .         Harm     .   (no ring)
MR       .....                  (no ring)
Stlth    ++++......             (no ring)
HPRegen  0.49/turn              (no ring)
MPRegen  0.08/turn              (no ring)
                                (no ring)
                                (no ring)

@: no status effects
A: almost no armour, stealthy swim, amphibious, 8 rings, constrict 8, camouflage
1, gelatinous body 1
a: no special abilities


You were on level 3 of the Dungeon.
You were not hungry.

You visited 1 branch of the dungeon, and saw 3 of its levels.

You collected 126 gold pieces.

Inventory:

Hand Weapons
 a - a +2 dagger (weapon)
 b - a +0 blowgun
Missiles
 c - 35 poisoned needles
 d - 2 curare-tipped needles
Jewellery
 s - an amulet of regeneration (around mantle)
 u - an uncursed amulet of harm {unknown}
Scrolls
 h - 2 scrolls of teleportation {unknown}
 k - a scroll of fog {unknown}
 m - 5 scrolls of remove curse {unknown}
 r - 3 scrolls of identify {unknown}
 t - a scroll of magic mapping {unknown}
 v - a scroll of enchant weapon {unknown}
Potions
 e - 3 potions of haste {unknown}
 g - a potion of heal wounds {unknown}
 i - a potion of ambrosia {unknown}
 j - a potion of mutation {unknown}
 l - a potion of agility {unknown}
 n - 2 potions of invisibility {unknown}
 o - a potion of might {unknown}
 p - a potion of magic {unknown}
 q - a potion of curing {unknown}
Comestibles
 f - 3 rations
 w - 2 chunks of flesh


   Skills:
 + Level 4.1 Fighting
 - Level 2.0 Short Blades
 - Level 2.0 Throwing
 - Level 1.0 Dodging
 - Level 5.3 Stealth


You had 2 spell levels left.
You didn't know any spells.
Your spell library was empty.

Dungeon Overview and Level Annotations

Branches:
Dungeon (3/15)

Altars:
Ru


Innate Abilities, Weirdness & Mutations

You cannot wear most types of armour.
You are very stealthy in the water. (Stealth+)
You are amphibious.
You can wear up to eight rings at the same time.
You can use your tentacles to constrict eight enemies at once.
Your skin changes colour to match your surroundings (Stealth+).
Your rubbery body absorbs attacks. (AC +1, EV +1)


Message History

The orc priest is lightly wounded.
You constrict the orc priest.
You hit the orc priest but do no damage.
You squeeze the orc priest, but do no damage.
The orc priest is moderately wounded.
You constrict the orc priest.
The orc priest invokes the aid of Beogh against you.
Beogh smites you! The orc closely misses you.
You are too injured to fight recklessly!
You are too injured to fight recklessly!
You hit the orc priest.
The orc priest is moderately wounded.
You constrict the orc priest.
A giant cockroach comes into view.
The orc priest hits you with a club. The orc hits you with a short sword.
* * * LOW HITPOINT WARNING * * *
You release your grip on the orc priest.
The orc priest invokes the aid of Beogh against you.
Beogh smites you!
You die...

s.. ._. ...
#.# ...
#.####.####.#
#....o).....#
# ### #o#
#.##.###@#
#........#
####)#####
#.# ####.####
#.......#
#.##.##.# #
#.##.######
#.........#


You could see an orc priest and an orc.

Vanquished Creatures
  A worm (D:3)
  A dart slug (D:2)
  2 leopard geckos (D:1)
  2 orcs (D:3)
  2 giant cockroaches (D:1)
  7 goblins
  4 hobgoblins (D:1)
  4 jackals (D:2)
  3 quokkas (D:2)
  4 bats
  4 frilled lizards
  4 kobolds
  4 rats (D:1)
42 creatures vanquished.

Notes
Turn   | Place    | Note
-------+----------+-------------------------------------------
     0 | D:1      | Korosensei the Octopode Assassin began the quest for the
                  | Orb.
     0 | D:1      | Reached XP level 1. HP: 14/14 MP: 1/1
   222 | D:1      | Reached XP level 2. HP: 17/20 MP: 2/2
   580 | D:1      | Reached XP level 3. HP: 20/26 MP: 3/3
  1627 | D:3      | Found a sacrificial altar of Ru.
  1635 | D:3      | Killed from afar by an orc priest

Skill      XL: |  1  2  3 |
---------------+----------+-----
Fighting       | 3 4 |  4.1
Short Blades   | |  2.0
Throwing       | |  2.0
Dodging        | |  1.0
Stealth        | |  5.3

Action                   || total
-------------------------++-------
Melee: Dagger            ||    80
       Constrict         ||    14
       Tentacles         ||     7
 Stab: Sleeping          ||    12
       Distracted        ||     1
  Eat: Chunk             ||     2
Armor: Skin              ||     3
Dodge: Dodged            ||    43
